Bruins vs MapleLeafs

Created - 23 mars 2021 at 20:30

Goals
1 2 3 T
Bruins 1 1 1 3
MapleLeafs 0 2 0 2
Shots
1 2 3 T
Bruins 5 13 15 33
MapleLeafs 14 10 11 35

1st period

1. Bruins , Brady Skjei 10 (Brian Dumoulin 27, Jayson Megna 14) at 6:03 (PP)

Penalties :
Michael Del Zotto (TOR) for Hooking (Minor) at 5:52, Brady Skjei (BOS) for Interference (Minor) at 9:08, Markus Nutivaara (BOS) for Tripping (Minor) at 14:20, Michael Del Zotto (TOR) for Slashing (Minor) at 18:39

2nd period

2. MapleLeafs , Nikita Kucherov 34 (Matt Duchene 21, Pierre-Luc Dubois 21) at 5:49
3. Bruins , Vladimir Sobotka 7 (Jonathon Merrill 13) at 7:11
4. MapleLeafs , Joel Armia 12 (Jason Zucker 24, Chris Tanev 17) at 11:33

Penalties :
Nikita Kucherov (TOR) for Interference (Minor) at 19:44

3rd period

5. Bruins , Brett Pesce 9 (Adam Henrique 35, Brendan Lemieux 11) at 7:06 (PP)

Penalties :
Michael Del Zotto (TOR) for Holding (Minor) at 3:13, Dustin Brown (TOR) for Cross-checking (Minor) at 5:51

Goalie Stats

Tristan Jarry (BOS), 33 saves from 35 shots - (0,943), W, 23-28-1, 60:00 minutes
Braden Holtby (TOR), 30 saves from 33 shots - (0,909), L, 30-25-8, 59:03 minutes

Players Stats for Bruins

Player Name              G  A  P  +/- PIM S  H  SB GA TA FO     MP     PP MP  PK MP  
------------------------------------------------------------------------------------
Adam Boqvist             0  0  0   0  0   0  0  1  0  0  0/0     5:21   0:00   0:00 
Adam Henrique            0  1  1   0  0   7  1  0  0  0  26/37  25:10   3:33   2:01 
Alex Iafallo             0  0  0   0  0   1  0  0  0  0  3/8    20:25   1:42   0:24 
Antoine Roussel          0  0  0   0  0   0  0  0  0  0  0/0     4:55   0:00   0:00 
Brady Skjei              1  0  1  -2  2   2  1  0  0  0  0/0    22:32   4:07   1:06 
Brendan Lemieux          0  1  1   0  0   1  2  0  0  0  0/2    16:40   4:04   0:00 
Brett Pesce              1  0  1   0  0   3  2  2  0  0  0/0    21:20   3:16   1:38 
Brian Dumoulin           0  1  1  -2  0   2  0  2  0  0  0/0    23:47   4:07   2:20 
Carl Hagelin             0  0  0  -1  0   2  1  1  0  0  1/1    21:08   3:19   1:27 
Jamie Oleksiak           0  0  0   0  0   0  3  2  0  0  0/0    20:55   3:16   1:38 
Jayson Megna             0  1  1  -1  0   2  2  0  0  0  0/2    20:18   3:34   0:00 
Jonathon Merrill         0  1  1   1  0   0  1  1  0  0  0/0    11:25   0:00   1:03 
Jordan Oesterle          0  0  0   1  0   0  0  1  0  0  0/0    10:22   0:00   0:00 
Markus Nutivaara         0  0  0   0  2   0  0  0  0  0  0/0     5:06   0:00   0:11 
Radek Faksa              0  0  0  -1  0   3  1  0  0  0  6/10   12:00   0:56   1:27 
Tanner Fritz             0  0  0   0  0   0  2  0  0  0  2/5    15:50   0:00   0:30 
Tyler Bertuzzi           0  0  0   0  0   8  0  0  0  0  2/4    23:17   4:04   2:07 
Vladimir Sobotka         1  0  1   0  0   2  1  1  0  0  3/15   15:29   0:57   0:00 

Players Stats for MapleLeafs

Player Name              G  A  P  +/- PIM S  H  SB GA TA FO     MP     PP MP  PK MP  
------------------------------------------------------------------------------------
Anton Stralman           0  0  0   0  0   1  3  2  0  0  0/0    24:39   2:32   5:06 
Chris Tanev              0  1  1   1  0   1  0  3  0  0  0/0    15:19   0:00   0:03 
Cody Ceci                0  0  0   0  0   2  0  1  0  0  0/0    25:02   2:32   5:29 
Derrick Pouliot          0  0  0   1  0   0  0  0  0  0  0/0    15:49   0:00   0:33 
Dustin Brown             0  0  0   0  2   1  3  0  0  0  0/2    18:22   1:26   0:00 
James Neal               0  0  0   0  0   1  1  0  0  0  0/1     2:36   0:00   0:00 
Jason Zucker             0  1  1   1  0   1  0  0  0  0  0/0    17:10   0:00   1:09 
Jay Beagle               0  0  0   1  0   6  1  0  0  0  8/15   16:01   0:00   0:00 
Joel Armia               1  0  1   1  0   3  2  1  0  0  0/2    17:23   0:00   1:22 
Kyle Okposo              0  0  0   0  0   0  1  0  0  0  0/0     2:36   0:00   0:00 
Matt Duchene             0  1  1   0  0   4  0  1  0  0  17/31  24:00   2:32   5:47 
Michael Del Zotto        0  0  0   0  6   1  3  3  0  0  0/0    19:03   1:26   1:18 
Mike Matheson            0  0  0   0  0   2  2  2  0  0  0/0    20:05   1:26   2:17 
Nikita Kucherov          1  0  1   0  2   4  1  0  0  0  2/3    19:56   2:32   4:20 
Ondrej Palat             0  0  0   0  0   0  0  0  0  0  0/0     0:00   0:00   0:00 
Pierre-Luc Dubois        0  1  1   0  0   0  5  0  0  0  2/4    16:41   2:32   1:04 
Taylor Hall              0  0  0   0  0   6  2  0  0  0  1/1    19:27   1:26   1:04 
Tyler Johnson            0  0  0   0  0   2  2  1  0  0  11/25  18:23   1:26   0:00 

3 Stars

1 - Tristan Jarry (BOS)
2 - Brett Pesce (BOS)
3 - Joel Armia (TOR)

Power Play

Bruins - 2 on 5 Attempt(s) - 40,00%
MapleLeafs - 0 on 2 Attempt(s) - 0,00%

Penalty Kill

Bruins - 2 on 2 Attempt(s) - 100,00% - Score 0 goal in Penalty Kill
MapleLeafs - 3 on 5 Attempt(s) - 60,00% - Score 0 goal in Penalty Kill

Team Stat

Bruins - Hits : 17 - Faceoff Wins : 43 - Blocked Shots : 11 - Penalty Minutes : 4
MapleLeafs - Hits : 26 - Faceoff Wins : 41 - Blocked Shots : 14 - Penalty Minutes : 10

Official

Referees : Justin Kea and Garrett Rank
Linesman : David Brisebois and Brian Mach

Game Notes

Radek Faksa is injured at 13:45 of 2nd period (Groin)

Finance

Level 1 -- Attendance: 6271 (96,48%) -- Ticket Income 783 875 $
Level 2 -- Attendance: 4821 (96,42%) -- Ticket Income 395 322 $
Level 3 -- Attendance: 2967 (84,77%) -- Ticket Income 207 690 $
Level 4 -- Attendance: 1741 (61,76%) -- Ticket Income 104 460 $
Luxury Box -- Attendance: 925 (92,50%) -- Ticket Income 222 925 $
Game was played at the Air Canada Center.
Total Attendance: 16725 (88,87%)
Total Ticket Income: 1 714 272 $
Other Income: 839 993 $
Total Income: 2 554 265 $

% Time on Ice - Bruins

Lines # - Real PCT - Wanted PCT - Time Play
Normal Forward
1 - 26% - 40% - 12:36
2 - 34% - 30% - 16:22
3 - 30% - 20% - 14:24
4 - 10% - 10% - 4:55
Normal Defense
1 - 35% - 40% - 16:58
2 - 33% - 30% - 16:01
3 - 21% - 20% - 10:22
4 - 10% - 10% - 4:56
PP Forward
1 - 55% - 60% - 4:04
2 - 45% - 40% - 3:19
PP Defense
1 - 56% - 60% - 4:07
2 - 44% - 40% - 3:16
PK Forward
1 - 63% - 60% - 2:31
2 - 37% - 40% - 1:27
PK Defense
1 - 59% - 60% - 2:20
2 - 41% - 40% - 1:38
PK3 Forward
1 - 0% - 60%
2 - 0% - 40%
PK3 Defense
1 - 0% - 60%
2 - 0% - 40%
44 Forward
1 - 0% - 60%
2 - 0% - 40%
44 Defense
1 - 0% - 60%
2 - 0% - 40%
Last Minute Offensive  - 0:00
Last Minute Defensive  - 0:22
Total
Forward - 60:00
Defense - 60:00

% Time on Ice - MapleLeafs

Lines # - Real PCT - Wanted PCT - Time Play
Normal Forward
1 - 26% - 40% - 12:35
2 - 35% - 30% - 16:57
3 - 33% - 20% - 16:01
4 - 5% - 10% - 2:36
Normal Defense
1 - 32% - 40% - 15:30
2 - 34% - 30% - 16:22
3 - 32% - 20% - 15:16
4 - 2% - 10% - 1:01
PP Forward
1 - 64% - 60% - 2:32
2 - 36% - 40% - 1:26
PP Defense
1 - 64% - 60% - 2:32
2 - 36% - 40% - 1:26
PK Forward
1 - 86% - 60% - 6:19
2 - 14% - 40% - 1:04
PK Defense
1 - 69% - 60% - 5:06
2 - 31% - 40% - 2:17
PK3 Forward
1 - 0% - 60%
2 - 0% - 40%
PK3 Defense
1 - 0% - 60%
2 - 0% - 40%
44 Forward
1 - 0% - 60%
2 - 0% - 40%
44 Defense
1 - 0% - 60%
2 - 0% - 40%
Last Minute Offensive  - 0:30
Last Minute Defensive  - 0:00
Total
Forward - 60:00
Defense - 60:00

Play-by-Play

1st period


0:01 of 1st period - Matt Duchene wins face-off versus Adam Henrique in neutral zone.
0:18 of 1st period - Shot by Adam Henrique.
0:18 of 1st period - Stopped by Braden Holtby with a rebound.
0:20 of 1st period - Shot by Adam Henrique.
0:20 of 1st period - Shot Blocked by Cody Ceci.
0:22 of 1st period - Shot by Adam Henrique.
0:22 of 1st period - Shot Blocked by Anton Stralman.
0:28 of 1st period - Shot by Tyler Bertuzzi.
0:28 of 1st period - Shot Misses the Net.
0:34 of 1st period - Shot by Tyler Bertuzzi.
0:34 of 1st period - Shot Misses the Net.
1:01 of 1st period - Brett Pesce is hit by Mike Matheson.
1:03 of 1st period - Shot by Radek Faksa.
1:03 of 1st period - Stopped by Braden Holtby with a rebound.
1:15 of 1st period - Shot by Dustin Brown.
1:15 of 1st period - Shot Misses the Net.
1:18 of 1st period - Dustin Brown is hit by Jamie Oleksiak and loses puck.
1:30 of 1st period - Taylor Hall is hit by Jamie Oleksiak and loses puck.
1:50 of 1st period - Jason Zucker is hit by Brett Pesce and loses puck.
2:07 of 1st period - Shot by Joel Armia.
2:07 of 1st period - Shot Blocked by Brett Pesce.
2:42 of 1st period - Tanner Fritz is hit by Kyle Okposo and loses puck.
4:19 of 1st period - Jay Beagle is hit by Brendan Lemieux and loses puck.
4:30 of 1st period - Jay Beagle is hit by Tanner Fritz and loses puck.
4:49 of 1st period - Shot by Alex Iafallo.
4:49 of 1st period - Shot Misses the Net.
5:24 of 1st period - Shot by Nikita Kucherov.
5:24 of 1st period - Stopped by Tristan Jarry without a rebound.
5:25 of 1st period - Adam Henrique wins face-off versus Tyler Johnson in Bruins zone.
5:25 of 1st period - Adam Henrique is hit by Dustin Brown.
5:37 of 1st period - Shot by Antoine Roussel.
5:37 of 1st period - Shot Misses the Net.
5:43 of 1st period - Shot by Tyler Bertuzzi.
5:43 of 1st period - Stopped by Braden Holtby with a rebound.
5:45 of 1st period - Shot by Adam Henrique.
5:45 of 1st period - Shot Blocked by Michael Del Zotto.
5:47 of 1st period - Shot by Antoine Roussel.
5:47 of 1st period - Shot Blocked by Tyler Johnson.
5:50 of 1st period - Antoine Roussel is hit by Michael Del Zotto and loses puck.
5:52 of 1st period - Minor Penalty to Michael Del Zotto for Hooking.
5:53 of 1st period - Radek Faksa wins face-off versus Matt Duchene in MapleLeafs zone.
6:03 of 1st period - Shot by Brady Skjei.
6:03 of 1st period - Goal by Brady Skjei - Bruins : 1 - MapleLeafs : 0.
6:04 of 1st period - Matt Duchene wins face-off versus Vladimir Sobotka in neutral zone.
6:07 of 1st period - Shot by Nikita Kucherov.
6:07 of 1st period - Shot Blocked by Brian Dumoulin.
6:59 of 1st period - Shot by Jason Zucker.
6:59 of 1st period - Shot Blocked by Carl Hagelin.
7:16 of 1st period - Jayson Megna is hit by Michael Del Zotto and loses puck.
7:29 of 1st period - Shot by Jay Beagle.
7:29 of 1st period - Stopped by Tristan Jarry without a rebound.
7:30 of 1st period - Adam Henrique wins face-off versus Tyler Johnson in Bruins zone.
7:30 of 1st period - Adam Henrique is hit by Tyler Johnson.
7:44 of 1st period - Shot by Adam Henrique.
7:44 of 1st period - Shot Blocked by Chris Tanev.
7:54 of 1st period - Shot by Taylor Hall.
7:54 of 1st period - Deflect By Dustin Brown.
7:54 of 1st period - Shot Misses the Net.
7:56 of 1st period - Shot by Chris Tanev.
7:56 of 1st period - Stopped by Tristan Jarry without a rebound.
7:57 of 1st period - Vladimir Sobotka wins face-off versus Jay Beagle in Bruins zone.
8:45 of 1st period - Shot by Adam Henrique.
8:45 of 1st period - Shot Misses the Net.
9:08 of 1st period - Minor Penalty to Brady Skjei for Interference.
9:09 of 1st period - Nikita Kucherov wins face-off versus Adam Henrique in Bruins zone.
9:10 of 1st period - Shot by Matt Duchene.
9:10 of 1st period - Stopped by Tristan Jarry with a rebound.
9:12 of 1st period - Shot by Cody Ceci.
9:12 of 1st period - Stopped by Tristan Jarry without a rebound.
9:13 of 1st period - Adam Henrique wins face-off versus Matt Duchene in Bruins zone.
9:22 of 1st period - Shot by Nikita Kucherov.
9:22 of 1st period - Stopped by Tristan Jarry without a rebound.
9:23 of 1st period - Adam Henrique wins face-off versus Matt Duchene in Bruins zone.
9:52 of 1st period - Shot by Matt Duchene.
9:52 of 1st period - Stopped by Tristan Jarry without a rebound.
9:53 of 1st period - Tyler Johnson wins face-off versus Radek Faksa in Bruins zone.
10:22 of 1st period - Icing by Taylor Hall.
10:23 of 1st period - Radek Faksa wins face-off versus Tyler Johnson in MapleLeafs zone.
10:24 of 1st period - Shot by Brett Pesce.
10:24 of 1st period - Stopped by Braden Holtby without a rebound.
10:25 of 1st period - Matt Duchene wins face-off versus Tyler Bertuzzi in MapleLeafs zone.
10:34 of 1st period - Shot by Nikita Kucherov.
10:34 of 1st period - Stopped by Tristan Jarry without a rebound.
10:35 of 1st period - Matt Duchene wins face-off versus Radek Faksa in Bruins zone.
10:42 of 1st period - Shot by Matt Duchene.
10:42 of 1st period - Shot Misses the Net.
11:10 of 1st period - Shot by Pierre-Luc Dubois.
11:10 of 1st period - Shot Blocked by Jamie Oleksiak.
12:12 of 1st period - Shot by Joel Armia.
12:12 of 1st period - Shot Blocked by Jamie Oleksiak.
12:14 of 1st period - Shot by Jay Beagle.
12:14 of 1st period - Stopped by Tristan Jarry with a rebound.
12:16 of 1st period - Shot by Jay Beagle.
12:16 of 1st period - Stopped by Tristan Jarry with a rebound.
12:18 of 1st period - Shot by Jay Beagle.
12:18 of 1st period - Shot Misses the Net.
12:20 of 1st period - Shot by Jay Beagle.
12:20 of 1st period - Stopped by Tristan Jarry without a rebound.
12:21 of 1st period - Adam Henrique wins face-off versus Matt Duchene in Bruins zone.
12:21 of 1st period - Adam Henrique is hit by Pierre-Luc Dubois.
12:58 of 1st period - Tyler Bertuzzi is hit by Anton Stralman and loses puck.
13:45 of 1st period - Shot by Joel Armia.
13:45 of 1st period - Shot Misses the Net.
13:47 of 1st period - Shot by Jason Zucker.
13:47 of 1st period - Shot Blocked by Jordan Oesterle.
13:49 of 1st period - Shot by Joel Armia.
13:49 of 1st period - Shot Misses the Net.
13:51 of 1st period - Shot by Jay Beagle.
13:51 of 1st period - Stopped by Tristan Jarry without a rebound.
13:52 of 1st period - Adam Henrique wins face-off versus Tyler Johnson in Bruins zone.
13:52 of 1st period - Adam Henrique is hit by Taylor Hall.
14:20 of 1st period - Minor Penalty to Markus Nutivaara for Tripping.
14:21 of 1st period - Adam Henrique wins face-off versus Matt Duchene in Bruins zone.
15:50 of 1st period - Shot by Tyler Johnson.
15:50 of 1st period - Stopped by Tristan Jarry with a rebound.
16:43 of 1st period - Icing by Chris Tanev.
16:44 of 1st period - Jay Beagle wins face-off versus Adam Henrique in MapleLeafs zone.
17:27 of 1st period - Shot by Matt Duchene.
17:27 of 1st period - Stopped by Tristan Jarry without a rebound.
17:28 of 1st period - Radek Faksa wins face-off versus Tyler Johnson in Bruins zone.
17:35 of 1st period - Shot by Radek Faksa.
17:35 of 1st period - Shot Misses the Net.
17:37 of 1st period - Shot by Radek Faksa.
17:37 of 1st period - Shot Blocked by Mike Matheson.
17:46 of 1st period - Carl Hagelin is hit by Mike Matheson and loses puck.
18:01 of 1st period - Shot by Carl Hagelin.
18:01 of 1st period - Shot Blocked by Mike Matheson.
18:03 of 1st period - Shot by Radek Faksa.
18:03 of 1st period - Shot Misses the Net.
18:20 of 1st period - Icing by Mike Matheson.
18:21 of 1st period - Tyler Johnson wins face-off versus Vladimir Sobotka in MapleLeafs zone.
18:39 of 1st period - Minor Penalty to Michael Del Zotto for Slashing.
18:40 of 1st period - Matt Duchene wins face-off versus Adam Henrique in MapleLeafs zone.
18:48 of 1st period - Tyler Bertuzzi is hit by Nikita Kucherov and loses puck.
Goals for this period are 1 for Bruins vs 0 for MapleLeafs.
Shots for this period are 5 for Bruins vs 14 for MapleLeafs.

2nd period


0:01 of 2nd period - Matt Duchene wins face-off versus Adam Henrique in neutral zone.
0:39 of 2nd period - Shot by Adam Henrique.
0:39 of 2nd period - Stopped by Braden Holtby with a rebound.
0:58 of 2nd period - Shot by Radek Faksa.
0:58 of 2nd period - Stopped by Braden Holtby with a rebound.
1:01 of 2nd period - Icing by Mike Matheson.
1:02 of 2nd period - Tyler Johnson wins face-off versus Vladimir Sobotka in MapleLeafs zone.
1:02 of 2nd period - Taylor Hall is hit by Tanner Fritz and loses puck.
2:28 of 2nd period - Chris Tanev is hit by Radek Faksa and loses puck.
3:09 of 2nd period - Shot by Nikita Kucherov.
3:09 of 2nd period - Deflect By Pierre-Luc Dubois.
3:09 of 2nd period - Shot Misses the Net.
3:49 of 2nd period - Shot by Taylor Hall.
3:49 of 2nd period - Stopped by Tristan Jarry without a rebound.
3:50 of 2nd period - Taylor Hall wins face-off versus Radek Faksa in Bruins zone.
3:57 of 2nd period - Shot by Taylor Hall.
3:57 of 2nd period - Stopped by Tristan Jarry without a rebound.
3:58 of 2nd period - Carl Hagelin wins face-off versus Tyler Johnson in Bruins zone.
4:42 of 2nd period - Icing by Carl Hagelin.
4:43 of 2nd period - Radek Faksa wins face-off versus Matt Duchene in Bruins zone.
5:09 of 2nd period - Shot by Nikita Kucherov.
5:09 of 2nd period - Shot Misses the Net.
5:11 of 2nd period - Shot by Cody Ceci.
5:11 of 2nd period - Stopped by Tristan Jarry without a rebound.
5:12 of 2nd period - Vladimir Sobotka wins face-off versus Jay Beagle in Bruins zone.
5:12 of 2nd period - Alex Iafallo is hit by Joel Armia and loses puck.
5:17 of 2nd period - Shot by Joel Armia.
5:17 of 2nd period - Stopped by Tristan Jarry without a rebound.
5:18 of 2nd period - Jay Beagle wins face-off versus Tyler Bertuzzi in Bruins zone.
5:19 of 2nd period - Shot by Jason Zucker.
5:19 of 2nd period - Shot Misses the Net.
5:31 of 2nd period - Shot by Tyler Bertuzzi.
5:31 of 2nd period - Stopped by Braden Holtby without a rebound.
5:32 of 2nd period - Pierre-Luc Dubois wins face-off versus Vladimir Sobotka in MapleLeafs zone.
5:47 of 2nd period - Shot by Matt Duchene.
5:47 of 2nd period - Shot Misses the Net.
5:49 of 2nd period - Shot by Nikita Kucherov.
5:49 of 2nd period - Goal by Nikita Kucherov - Bruins : 1 - MapleLeafs : 1.
5:50 of 2nd period - Adam Henrique wins face-off versus Tyler Johnson in neutral zone.
6:19 of 2nd period - Michael Del Zotto is hit by Brendan Lemieux and loses puck.
6:57 of 2nd period - Icing by Cody Ceci.
6:58 of 2nd period - Matt Duchene wins face-off versus Vladimir Sobotka in MapleLeafs zone.
7:11 of 2nd period - Shot by Vladimir Sobotka.
7:11 of 2nd period - Goal by Vladimir Sobotka - Bruins : 2 - MapleLeafs : 1.
7:12 of 2nd period - Radek Faksa wins face-off versus Jay Beagle in neutral zone.
7:41 of 2nd period - Shot by Radek Faksa.
7:41 of 2nd period - Shot Misses the Net.
7:49 of 2nd period - Shot by Carl Hagelin.
7:49 of 2nd period - Stopped by Braden Holtby with a rebound.
8:01 of 2nd period - Shot by Tyler Bertuzzi.
8:01 of 2nd period - Stopped by Braden Holtby with a rebound.
8:03 of 2nd period - Shot by Brendan Lemieux.
8:03 of 2nd period - Shot Misses the Net.
8:30 of 2nd period - Off-side.
8:31 of 2nd period - Tanner Fritz wins face-off versus Matt Duchene in neutral zone.
9:50 of 2nd period - Radek Faksa is hit by Michael Del Zotto and loses puck.
9:56 of 2nd period - Icing by Mike Matheson.
9:57 of 2nd period - Tyler Johnson wins face-off versus Brendan Lemieux in MapleLeafs zone.
10:08 of 2nd period - Shot by Adam Henrique.
10:08 of 2nd period - Shot Blocked by Michael Del Zotto.
10:10 of 2nd period - Shot by Brendan Lemieux.
10:10 of 2nd period - Shot Misses the Net.
10:12 of 2nd period - Shot by Adam Henrique.
10:12 of 2nd period - Shot Blocked by Michael Del Zotto.
10:16 of 2nd period - Shot by Tyler Bertuzzi.
10:16 of 2nd period - Stopped by Braden Holtby without a rebound.
10:17 of 2nd period - Tyler Bertuzzi wins face-off versus James Neal in MapleLeafs zone.
10:20 of 2nd period - Shot by Adam Henrique.
10:20 of 2nd period - Shot Blocked by Anton Stralman.
10:34 of 2nd period - Shot by Matt Duchene.
10:34 of 2nd period - Shot Blocked by Adam Boqvist.
11:06 of 2nd period - Brian Dumoulin is hit by James Neal.
11:33 of 2nd period - Shot by Joel Armia.
11:33 of 2nd period - Goal by Joel Armia - Bruins : 2 - MapleLeafs : 2.
11:34 of 2nd period - Tyler Johnson wins face-off versus Vladimir Sobotka in neutral zone.
11:37 of 2nd period - Shot by Taylor Hall.
11:37 of 2nd period - Stopped by Tristan Jarry without a rebound.
11:38 of 2nd period - Tyler Johnson wins face-off versus Tanner Fritz in Bruins zone.
11:49 of 2nd period - Shot by Taylor Hall.
11:49 of 2nd period - Shot Misses the Net.
11:51 of 2nd period - Shot by Tyler Johnson.
11:51 of 2nd period - Shot Misses the Net.
11:53 of 2nd period - Shot by Dustin Brown.
11:53 of 2nd period - Shot Blocked by Vladimir Sobotka.
11:55 of 2nd period - Shot by Michael Del Zotto.
11:55 of 2nd period - Stopped by Tristan Jarry without a rebound.
11:56 of 2nd period - Jay Beagle wins face-off versus Radek Faksa in Bruins zone.
12:16 of 2nd period - Shot by Radek Faksa.
12:16 of 2nd period - Shot Misses the Net.
12:18 of 2nd period - Shot by Carl Hagelin.
12:18 of 2nd period - Shot Blocked by Chris Tanev.
12:20 of 2nd period - Shot by Radek Faksa.
12:20 of 2nd period - Stopped by Braden Holtby without a rebound.
12:21 of 2nd period - Adam Henrique wins face-off versus Tyler Johnson in MapleLeafs zone.
12:26 of 2nd period - Shot by Adam Henrique.
12:26 of 2nd period - Stopped by Braden Holtby without a rebound.
12:27 of 2nd period - Matt Duchene wins face-off versus Adam Henrique in MapleLeafs zone.
12:32 of 2nd period - Adam Henrique is hit by Pierre-Luc Dubois and loses puck.
12:58 of 2nd period - Icing by Cody Ceci.
12:59 of 2nd period - Radek Faksa wins face-off versus Matt Duchene in MapleLeafs zone.
13:06 of 2nd period - Shot by Matt Duchene.
13:06 of 2nd period - Shot Blocked by Brian Dumoulin.
13:44 of 2nd period - Radek Faksa is hit by Pierre-Luc Dubois and loses puck.
13:45 of 2nd period - Radek Faksa from Bruins is injured at 13:45 of 2nd period (Groin).
13:46 of 2nd period - Adam Henrique wins face-off versus Dustin Brown in Bruins zone.
13:59 of 2nd period - Shot by Tyler Bertuzzi.
13:59 of 2nd period - Stopped by Braden Holtby without a rebound.
14:00 of 2nd period - Jay Beagle wins face-off versus Vladimir Sobotka in MapleLeafs zone.
14:10 of 2nd period - Chris Tanev is hit by Jonathon Merrill and loses puck.
14:27 of 2nd period - Vladimir Sobotka is hit by Jay Beagle and loses puck.
15:23 of 2nd period - Dustin Brown is hit by Brett Pesce and loses puck.
15:30 of 2nd period - Shot by Taylor Hall.
15:30 of 2nd period - Stopped by Tristan Jarry without a rebound.
15:31 of 2nd period - Pierre-Luc Dubois wins face-off versus Jayson Megna in Bruins zone.
16:29 of 2nd period - Shot by Tyler Bertuzzi.
16:29 of 2nd period - Stopped by Braden Holtby without a rebound.
16:30 of 2nd period - Adam Henrique wins face-off versus Dustin Brown in MapleLeafs zone.
16:33 of 2nd period - Shot by Adam Henrique.
16:33 of 2nd period - Shot Misses the Net.
16:47 of 2nd period - Shot by Tyler Johnson.
16:47 of 2nd period - Stopped by Tristan Jarry without a rebound.
16:48 of 2nd period - Jay Beagle wins face-off versus Vladimir Sobotka in Bruins zone.
16:55 of 2nd period - Shot by Jason Zucker.
16:55 of 2nd period - Shot Misses the Net.
17:11 of 2nd period - Shot by Tanner Fritz.
17:11 of 2nd period - Shot Misses the Net.
17:42 of 2nd period - Icing by Anton Stralman.
17:43 of 2nd period - Adam Henrique wins face-off versus Matt Duchene in MapleLeafs zone.
17:51 of 2nd period - Brendan Lemieux is hit by Anton Stralman and loses puck.
18:10 of 2nd period - Shot by Adam Henrique.
18:10 of 2nd period - Stopped by Braden Holtby without a rebound.
18:11 of 2nd period - Adam Henrique wins face-off versus Tyler Johnson in MapleLeafs zone.
18:24 of 2nd period - Shot by Taylor Hall.
18:24 of 2nd period - Shot Blocked by Jonathon Merrill.
18:36 of 2nd period - Shot by Adam Henrique.
18:36 of 2nd period - Stopped by Braden Holtby with a rebound.
19:31 of 2nd period - Shot by Vladimir Sobotka.
19:31 of 2nd period - Deflect By Tanner Fritz.
19:31 of 2nd period - Shot Misses the Net.
19:44 of 2nd period - Minor Penalty to Nikita Kucherov for Interference.
19:45 of 2nd period - Matt Duchene wins face-off versus Brendan Lemieux in MapleLeafs zone.
19:51 of 2nd period - Icing by Brendan Lemieux.
19:52 of 2nd period - Tyler Bertuzzi wins face-off versus Matt Duchene in Bruins zone.
19:54 of 2nd period - Icing by Brendan Lemieux.
19:55 of 2nd period - Matt Duchene wins face-off versus Jayson Megna in Bruins zone.
Goals for this period are 1 for Bruins vs 2 for MapleLeafs.
Shots for this period are 13 for Bruins vs 10 for MapleLeafs.

3rd period


0:01 of 3rd period - Adam Henrique wins face-off versus Matt Duchene in neutral zone.
0:19 of 3rd period - Shot by Brendan Lemieux.
0:19 of 3rd period - Stopped by Braden Holtby without a rebound.
0:20 of 3rd period - Matt Duchene wins face-off versus Alex Iafallo in MapleLeafs zone.
0:26 of 3rd period - Icing by Brett Pesce.
0:27 of 3rd period - Matt Duchene wins face-off versus Alex Iafallo in Bruins zone.
1:06 of 3rd period - Shot by Jayson Megna.
1:06 of 3rd period - Stopped by Braden Holtby without a rebound.
1:07 of 3rd period - Adam Henrique wins face-off versus Joel Armia in MapleLeafs zone.
1:16 of 3rd period - Shot by Adam Henrique.
1:16 of 3rd period - Shot Misses the Net.
1:18 of 3rd period - Shot by Adam Henrique.
1:18 of 3rd period - Shot Misses the Net.
1:36 of 3rd period - Shot by Brendan Lemieux.
1:36 of 3rd period - Shot Misses the Net.
1:38 of 3rd period - Shot by Brady Skjei.
1:38 of 3rd period - Stopped by Braden Holtby without a rebound.
1:39 of 3rd period - Matt Duchene wins face-off versus Alex Iafallo in MapleLeafs zone.
1:39 of 3rd period - Matt Duchene is hit by Jayson Megna.
2:19 of 3rd period - Shot by Adam Boqvist.
2:19 of 3rd period - Shot Misses the Net.
2:58 of 3rd period - Shot by Pierre-Luc Dubois.
2:58 of 3rd period - Shot Misses the Net.
3:00 of 3rd period - Shot by Cody Ceci.
3:00 of 3rd period - Shot Hit the Post.
3:02 of 3rd period - Shot by Anton Stralman.
3:02 of 3rd period - Shot Misses the Net.
3:04 of 3rd period - Shot by Anton Stralman.
3:04 of 3rd period - Stopped by Tristan Jarry without a rebound.
3:05 of 3rd period - Adam Henrique wins face-off versus Jay Beagle in Bruins zone.
3:13 of 3rd period - Minor Penalty to Michael Del Zotto for Holding.
3:14 of 3rd period - Nikita Kucherov wins face-off versus Adam Henrique in MapleLeafs zone.
3:21 of 3rd period - Shot by Tyler Bertuzzi.
3:21 of 3rd period - Stopped by Braden Holtby with a rebound.
3:23 of 3rd period - Shot by Adam Henrique.
3:23 of 3rd period - Shot Misses the Net.
3:27 of 3rd period - Shot by Brian Dumoulin.
3:27 of 3rd period - Stopped by Braden Holtby with a rebound.
3:45 of 3rd period - Shot by Adam Henrique.
3:45 of 3rd period - Shot Blocked by Matt Duchene.
4:22 of 3rd period - Icing by Alex Iafallo.
4:23 of 3rd period - Alex Iafallo wins face-off versus Matt Duchene in Bruins zone.
4:55 of 3rd period - Shot by Brian Dumoulin.
4:55 of 3rd period - Stopped by Braden Holtby without a rebound.
4:56 of 3rd period - Matt Duchene wins face-off versus Adam Henrique in MapleLeafs zone.
5:47 of 3rd period - Shot by Joel Armia.
5:47 of 3rd period - Deflect By Jason Zucker.
5:47 of 3rd period - Stopped by Tristan Jarry without a rebound.
5:48 of 3rd period - Tyler Johnson wins face-off versus Adam Henrique in Bruins zone.
5:49 of 3rd period - Shot by Mike Matheson.
5:49 of 3rd period - Stopped by Tristan Jarry without a rebound.
5:50 of 3rd period - Tanner Fritz wins face-off versus Tyler Johnson in Bruins zone.
5:50 of 3rd period - Tanner Fritz is hit by Dustin Brown.
5:51 of 3rd period - Minor Penalty to Dustin Brown for Cross-checking.
5:52 of 3rd period - Matt Duchene wins face-off versus Vladimir Sobotka in MapleLeafs zone.
6:42 of 3rd period - Shot by Brett Pesce.
6:42 of 3rd period - Shot Misses the Net.
6:44 of 3rd period - Shot by Brett Pesce.
6:44 of 3rd period - Shot Misses the Net.
6:46 of 3rd period - Shot by Brendan Lemieux.
6:46 of 3rd period - Shot Misses the Net.
6:48 of 3rd period - Shot by Brett Pesce.
6:48 of 3rd period - Stopped by Braden Holtby without a rebound.
6:49 of 3rd period - Adam Henrique wins face-off versus Pierre-Luc Dubois in MapleLeafs zone.
7:02 of 3rd period - Shot by Adam Henrique.
7:02 of 3rd period - Shot Misses the Net.
7:04 of 3rd period - Shot by Brendan Lemieux.
7:04 of 3rd period - Deflect By Adam Henrique.
7:04 of 3rd period - Shot Misses the Net.
7:06 of 3rd period - Shot by Brett Pesce.
7:06 of 3rd period - Goal by Brett Pesce - Bruins : 3 - MapleLeafs : 2.
7:07 of 3rd period - Jay Beagle wins face-off versus Alex Iafallo in neutral zone.
7:20 of 3rd period - Shot by Jason Zucker.
7:20 of 3rd period - Shot Misses the Net.
8:28 of 3rd period - Shot by Tyler Johnson.
8:28 of 3rd period - Deflect By Taylor Hall.
8:28 of 3rd period - Stopped by Tristan Jarry without a rebound.
8:29 of 3rd period - Matt Duchene wins face-off versus Vladimir Sobotka in Bruins zone.
8:45 of 3rd period - Shot by Vladimir Sobotka.
8:45 of 3rd period - Stopped by Braden Holtby without a rebound.
8:46 of 3rd period - Matt Duchene wins face-off versus Vladimir Sobotka in MapleLeafs zone.
8:53 of 3rd period - Shot by James Neal.
8:53 of 3rd period - Stopped by Tristan Jarry without a rebound.
8:54 of 3rd period - Adam Henrique wins face-off versus Tyler Johnson in Bruins zone.
8:59 of 3rd period - Brett Pesce is hit by Taylor Hall and loses puck.
9:10 of 3rd period - Shot by Taylor Hall.
9:10 of 3rd period - Shot Blocked by Brett Pesce.
9:37 of 3rd period - Icing by Adam Henrique.
9:38 of 3rd period - Adam Henrique wins face-off versus Matt Duchene in Bruins zone.
9:38 of 3rd period - Adam Henrique is hit by Pierre-Luc Dubois.
10:47 of 3rd period - Icing by Brady Skjei.
10:48 of 3rd period - Alex Iafallo wins face-off versus Tyler Johnson in Bruins zone.
10:48 of 3rd period - Alex Iafallo is hit by Dustin Brown.
11:03 of 3rd period - Off-side.
11:04 of 3rd period - Jay Beagle wins face-off versus Adam Henrique in neutral zone.
11:19 of 3rd period - Shot by Jason Zucker.
11:19 of 3rd period - Deflect By Joel Armia.
11:19 of 3rd period - Shot Misses the Net.
11:21 of 3rd period - Shot by Jay Beagle.
11:21 of 3rd period - Stopped by Tristan Jarry without a rebound.
11:22 of 3rd period - Tyler Johnson wins face-off versus Adam Henrique in Bruins zone.
11:31 of 3rd period - Shot by Taylor Hall.
11:31 of 3rd period - Stopped by Tristan Jarry without a rebound.
11:32 of 3rd period - Jay Beagle wins face-off versus Tanner Fritz in Bruins zone.
11:32 of 3rd period - Joel Armia is hit by Jamie Oleksiak and loses puck.
11:47 of 3rd period - Shot by Jason Zucker.
11:47 of 3rd period - Shot Misses the Net.
11:55 of 3rd period - Shot by Vladimir Sobotka.
11:55 of 3rd period - Shot Blocked by Joel Armia.
11:57 of 3rd period - Shot by Alex Iafallo.
11:57 of 3rd period - Stopped by Braden Holtby with a rebound.
12:01 of 3rd period - Shot by Brett Pesce.
12:01 of 3rd period - Shot Blocked by Chris Tanev.
12:03 of 3rd period - Shot by Vladimir Sobotka.
12:03 of 3rd period - Shot Misses the Net.
12:05 of 3rd period - Shot by Vladimir Sobotka.
12:05 of 3rd period - Shot Misses the Net.
12:07 of 3rd period - Shot by Brett Pesce.
12:07 of 3rd period - Shot Misses the Net.
12:17 of 3rd period - Jay Beagle is hit by Adam Henrique.
12:43 of 3rd period - Shot by Adam Henrique.
12:43 of 3rd period - Deflect By Tyler Bertuzzi.
12:43 of 3rd period - Stopped by Braden Holtby without a rebound.
12:44 of 3rd period - Tyler Johnson wins face-off versus Tanner Fritz in MapleLeafs zone.
12:56 of 3rd period - Dustin Brown is hit by Jayson Megna and loses puck.
13:11 of 3rd period - Shot by Mike Matheson.
13:11 of 3rd period - Shot Misses the Net.
13:13 of 3rd period - Shot by Tyler Johnson.
13:13 of 3rd period - Shot Misses the Net.
13:15 of 3rd period - Shot by Mike Matheson.
13:15 of 3rd period - Stopped by Tristan Jarry without a rebound.
13:16 of 3rd period - Adam Henrique wins face-off versus Pierre-Luc Dubois in Bruins zone.
14:20 of 3rd period - Shot by Carl Hagelin.
14:20 of 3rd period - Stopped by Braden Holtby without a rebound.
14:21 of 3rd period - Tyler Johnson wins face-off versus Alex Iafallo in MapleLeafs zone.
14:21 of 3rd period - Tyler Johnson is hit by Vladimir Sobotka.
14:24 of 3rd period - Icing by Taylor Hall.
14:25 of 3rd period - Alex Iafallo wins face-off versus Tyler Johnson in MapleLeafs zone.
14:47 of 3rd period - Michael Del Zotto is hit by Carl Hagelin and loses puck.
15:00 of 3rd period - Shot by Dustin Brown.
15:00 of 3rd period - Stopped by Tristan Jarry without a rebound.
15:01 of 3rd period - Adam Henrique wins face-off versus Nikita Kucherov in Bruins zone.
15:21 of 3rd period - Shot by Adam Henrique.
15:21 of 3rd period - Stopped by Braden Holtby without a rebound.
15:22 of 3rd period - Vladimir Sobotka wins face-off versus Jay Beagle in MapleLeafs zone.
15:56 of 3rd period - Shot by Alex Iafallo.
15:56 of 3rd period - Shot Misses the Net.
16:11 of 3rd period - Icing by Joel Armia.
16:12 of 3rd period - Adam Henrique wins face-off versus Joel Armia in MapleLeafs zone.
16:15 of 3rd period - Shot by Brendan Lemieux.
16:15 of 3rd period - Shot Misses the Net.
16:22 of 3rd period - Icing by Jay Beagle.
16:23 of 3rd period - Adam Henrique wins face-off versus Jay Beagle in MapleLeafs zone.
16:34 of 3rd period - Carl Hagelin is hit by Joel Armia and loses puck.
17:01 of 3rd period - Shot by Adam Henrique.
17:01 of 3rd period - Deflect By Jayson Megna.
17:01 of 3rd period - Stopped by Braden Holtby without a rebound.
17:02 of 3rd period - Tyler Johnson wins face-off versus Vladimir Sobotka in MapleLeafs zone.
18:14 of 3rd period - Shot by Matt Duchene.
18:14 of 3rd period - Stopped by Tristan Jarry without a rebound.
18:15 of 3rd period - Adam Henrique wins face-off versus Matt Duchene in Bruins zone.
18:20 of 3rd period - Shot by Tyler Bertuzzi.
18:20 of 3rd period - Shot Misses the Net.
18:22 of 3rd period - Shot by Adam Henrique.
18:22 of 3rd period - Shot Misses the Net.
18:28 of 3rd period - Shot by Adam Henrique.
18:28 of 3rd period - Stopped by Braden Holtby without a rebound.
18:29 of 3rd period - Adam Henrique wins face-off versus Jay Beagle in MapleLeafs zone.
18:35 of 3rd period - Carl Hagelin is hit by Anton Stralman and loses puck.
18:44 of 3rd period - Shot by Joel Armia.
18:44 of 3rd period - Stopped by Tristan Jarry without a rebound.
18:45 of 3rd period - Adam Henrique wins face-off versus Tyler Johnson in Bruins zone.
18:45 of 3rd period - Adam Henrique is hit by Tyler Johnson.
19:03 of 3rd period - MapleLeafs, Braden Holtby is pulled from the net.
19:47 of 3rd period - Brian Dumoulin is hit by Pierre-Luc Dubois and loses puck.
19:59 of 3rd period - Cody Ceci is hit by Brady Skjei and loses puck.
Goals for this period are 1 for Bruins vs 0 for MapleLeafs.
Shots for this period are 15 for Bruins vs 11 for MapleLeafs.